[Event "Titled Tuesday Blitz April 19 Late 2022"]
[White "Andreikin, Dmitry"]
[Black "Sztokbant, Bernardo Vainzoff"]
[WhiteFideId "4158814"]
[BlackFideId "2115956"]
[WhiteElo "2736"]
[BlackElo "2225"]
[Result "1-0"]
[Round "02"]
[TimeControl "180+1"]
[Date "2022.04.19"]
[WhiteClock "0:00:26"]
[BlackClock "0:00:02"]

1. e4 c6 2. Nf3 d5 3. exd5 cxd5 4. Ne5 Nc6 5. Bb5 Bd7 6. Nxd7 Qxd7 7. d4 a6 8. Ba4 e6 9. c3 Bd6 10. O-O Nge7 11. Nd2 O-O 12. Nf3 Qc7 13. g3 Ng6 14. Re1 b5 15. Bc2 b4 16. h4 bxc3 17. bxc3 Bxg3 18. fxg3 Qxg3+ 19. Kf1 Nxh4 20. Nxh4 Qxh4 21. Kg2 g6 22. Rh1 Qf6 23. Qg4 Rab8 24. Bg5 Qg7 25. Bh6 Qf6 26. Raf1 Qe7 27. Bxf8 Qxf8 28. Rf2 Rb2 29. Qh4 h5 30. Qg5 Qg7 31. Ba4 Rxf2+ 32. Kxf2 Nxd4 33. Bd1 Nf5 34. Rh3 f6 35. Qf4 Qa7+ 36. Kf1 Qb6 37. Bc2 Qb5+ 38. Bd3 Qc5 39. Bxf5 exf5 40. Qb4 Qa7 41. Qd6 Qb7 42. Re3 Qb1+ 43. Kf2 Qxa2+ 44. Re2 Qc4 45. Rd2 Qh4+ 46. Ke2 Qh2+ 47. Qxh2 1-0


[Site "https://www.chess.com"]

[Event "Titled Tuesday Blitz April 19 Late 2022"]
[White "Ansh M Shah"]
[Black "Koziorowicz, Michal"]
[WhiteFideId "25033379"]
[BlackFideId "21809194"]
[WhiteElo "1819"]
[BlackElo "2235"]
[Result "1-0"]
[Round "02"]
[TimeControl "180+1"]
[Date "2022.04.19"]
[WhiteClock "0:00:49"]
[BlackClock "0:01:05"]

1. d4 f5 2. c4 Nf6 3. Nf3 e6 4. g3 Be7 5. Bg2 O-O 6. O-O d6 7. Nbd2 Nc6 8. b3 e5 9. dxe5 dxe5 10. e4 f4 11. Bb2 Bg4 12. Qc2 fxg3 13. hxg3 Nd4 14. Nxd4 exd4 15. c5 Be2 16. Rfe1 d3 17. Qc4+ Kh8 18. Bf3 Bxf3 19. Nxf3 Ng4 20. Kg2 Bf6 21. e5 d2 22. Rh1 Bxe5 23. Bxe5 Rxf3 24. Bxg7+ Kxg7 25. Qxg4+ Kh8 26. Qxf3 Qd4 27. Rad1 Re8 28. Qf5 Re7 29. Qf8# 1-0


[Site "https://www.chess.com"]

[Event "Titled Tuesday Blitz April 19 Late 2022"]
[White "Antonova, Nadezhda"]
[Black "Przybylski, Wojciech"]
[WhiteFideId "14700182"]
[BlackFideId "1117599"]
[WhiteElo "1789"]
[BlackElo "2133"]
[Result "0-1"]
[Round "02"]
[TimeControl "180+1"]
[Date "2022.04.19"]
[WhiteClock "0:00:01"]
[BlackClock "0:00:06"]

1. Nf3 Nf6 2. b3 b6 3. Bb2 Bb7 4. g3 g6 5. Bg2 Bg7 6. O-O O-O 7. c4 c5 8. e3 d6 9. d4 cxd4 10. Nxd4 Bxg2 11. Kxg2 d5 12. cxd5 Qxd5+ 13. Qf3 Na6 14. Nc3 Qxf3+ 15. Kxf3 Nc5 16. Rfd1 e6 17. Nc6 Rfe8 18. Rd2 a6 19. Rad1 Rac8 20. Nd4 e5 21. Nc2 e4+ 22. Ke2 Nd3 23. Ba1 Ng4 24. Nxe4 Bxa1 25. Nxa1 Rxe4 26. Rxd3 Ree8 27. f3 Ne5 28. R3d2 Kg7 29. Nc2 h5 30. Nb4 a5 31. Nd5 b5 32. Nf4 Rc3 33. Nd5 Rc5 34. a3 Nc6 35. Kf2 b4 36. a4 f5 37. Nf4 Ne5 38. Rd6 Rc3 39. Ra6 Rxb3 40. Rd2 Re7 41. Rxa5 Nc4 42. Rad5 Nxd2 43. Rxd2 Ra3 44. h4 b3 45. Rd6 Ra2+ 46. Kf1 Rc7 47. Rxg6+ Kf7 48. Rd6 Rc1+ 0-1


[Site "https://www.chess.com"]

[Event "Titled Tuesday Blitz April 19 Late 2022"]
[White "Ardila, Oscar Humberto"]
[Black "Santiago, Yago De Moura"]
[WhiteFideId "4404742"]
[BlackFideId "2103877"]
[WhiteElo "1983"]
[BlackElo "2475"]
[Result "0-1"]
[Round "02"]
[TimeControl "180+1"]
[Date "2022.04.19"]
[WhiteClock "0:00:04"]
[BlackClock "0:00:08"]

1. d4 Nf6 2. c4 e6 3. Nc3 Bb4 4. Bd2 b6 5. Nf3 Bb7 6. e3 O-O 7. Be2 d6 8. O-O Nbd7 9. Rc1 Qe7 10. Qc2 c5 11. Rfd1 Rac8 12. a3 Bxc3 13. Bxc3 Ne4 14. Be1 d5 15. dxc5 Ndxc5 16. cxd5 Bxd5 17. Qb1 Bb3 18. Rd4 f5 19. Ne5 Bd5 20. Bc4 Bxc4 21. Rcxc4 Nb3 22. Rd1 Rxc4 23. Nxc4 Rc8 24. Qd3 Nbc5 25. Qb1 Nb3 26. Qd3 Nbc5 27. Qc2 h6 28. Ne5 Qb7 29. f3 Nf6 30. Qc4 b5 31. Qd4 Nd5 32. Bb4 Nb3 33. Qd3 Nc5 34. Bxc5 Rxc5 35. e4 fxe4 36. Qxe4 Qb6 37. Kh1 Qc7 38. Qg6 Nf6 39. Ng4 Nxg4 40. Qxg4 Rc1 41. Qxe6+ Kh8 42. Qe8+ Kh7 43. Qe4+ g6 44. Qe2 Rxd1+ 45. Qxd1 a6 46. Qb1 h5 47. h3 Qc5 48. Qe4 Qc1+ 49. Kh2 Qxb2 50. Qe7+ Qg7 51. Qd6 a5 52. Qc5 Qb7 53. Kg1 b4 54. axb4 axb4 55. Qc2 b3 56. Qb2 Qb6+ 57. Kh1 h4 58. f4 Qb4 59. f5 gxf5 60. Qf6 b2 61. Qf7+ Kh8 62. Qf6+ Kg8 63. Qg6+ Kf8 64. Qxf5+ Ke7 65. Qe5+ Kd7 66. Qd5+ Kc7 67. Qe5+ Kb6 68. Qb8+ Ka5 69. Qa7+ Kb5 70. Qb7+ Ka4 71. Qa6+ Kb3 72. Qd3+ Qc3 73. Qb5+ Kc2 74. Qa4+ Kc1 75. Qf4+ Qd2 76. Qc4+ Qc2 77. Qf4+ Kb1 78. Qxh4 Qc1+ 79. Kh2 Qc7+ 80. Kh1 Qc3 81. Qe4+ Ka2 82. Qa4+ Qa3 83. Qc2 Ka1 84. Kh2 b1=Q 85. Qxb1+ Kxb1 86. g3 Kc2 87. Kg2 Kd3 88. h4 Ke3 89. Kh3 Kf3 0-1


[Site "https://www.chess.com"]

[Event "Titled Tuesday Blitz April 19 Late 2022"]
[White "Aroesti, Roee"]
[Black "Abdrlauf, Elham"]
[WhiteFideId "2817144"]
[BlackFideId "1533533"]
[WhiteElo "2068"]
[BlackElo "2334"]
[Result "0-1"]
[Round "02"]
[TimeControl "180+1"]
[Date "2022.04.19"]
[WhiteClock "0:00:01"]
[BlackClock "0:00:04"]

1. e4 e5 2. Nf3 Nc6 3. Bc4 Nf6 4. d3 Be7 5. O-O O-O 6. Re1 d6 7. a4 h6 8. h3 Re8 9. c3 Bf8 10. Nbd2 Ne7 11. Nf1 Ng6 12. Ng3 Be6 13. Qb3 Rb8 14. Be3 b6 15. Rad1 Qd7 16. d4 exd4 17. Nxd4 Bxc4 18. Qxc4 c5 19. Ndf5 Qc6 20. f3 b5 21. axb5 Rxb5 22. Re2 Ne5 23. Qa2 c4 24. Nd4 Qb7 25. Nxb5 Qxb5 26. Qxa7 Nd3 27. Nf5 d5 28. Qb6 Qa4 29. Rf1 Re6 30. Qd8 dxe4 31. fxe4 Nxe4 32. Bd4 Nf4 33. Rxe4 Rxe4 34. Nxh6+ gxh6 35. Qf6 Rxd4 36. cxd4 Ne2+ 37. Kh2 Qd7 38. Rf3 Bg7 39. Qf5 Qd6+ 40. g3 Nxd4 41. Qc8+ Kh7 42. Rxf7 Qe5 43. Qxc4 Qe4 44. Qf1 Kg8 45. Qf2 Ne6 46. Rf5 Ng5 47. Rf4 Qe5 48. b4 Qe6 49. h4 Qh3+ 50. Kg1 Ne6 51. Rf3 Bd4 52. Re3 Qg4 53. Kg2 Bxe3 54. Qxe3 h5 55. b5 Kf7 56. b6 Qb4 57. Qf3+ Kg6 58. b7 Nc5 59. Qc6+ Kf5 60. Qxc5+ Qxc5 61. b8=Q Qd5+ 62. Kh2 Qa2+ 63. Kh3 Kg6 64. Qd6+ Kg7 65. Qe5+ Kf8 66. Qxh5 Qb1 67. Qf3+ Ke8 68. h5 Qh7 69. g4 Qb1 70. h6 Qc1 71. Qe4+ Kf7 72. Qf5+ Ke7 0-1


[Site "https://www.chess.com"]

[Event "Titled Tuesday Blitz April 19 Late 2022"]
[White "Babazada, Khazar"]
[Black "Romanchuk, Viktor"]
[WhiteFideId "13413554"]
[BlackFideId "14109271"]
[WhiteElo "2406"]
[BlackElo "2242"]
[Result "1-0"]
[Round "02"]
[TimeControl "180+1"]
[Date "2022.04.19"]
[WhiteClock "0:00:49"]
[BlackClock "0:00:09"]

1. e4 e6 2. d4 d5 3. Nc3 dxe4 4. Nxe4 Nd7 5. Nf3 Ngf6 6. Bd3 c5 7. Nxf6+ Nxf6 8. O-O cxd4 9. Nxd4 Bc5 10. Be3 Bb6 11. c3 O-O 12. Nc2 Bxe3 13. Nxe3 Bd7 14. Nc4 Qc7 15. Qe2 Bb5 16. a4 Ba6 17. Ne3 Bxd3 18. Qxd3 Rfd8 19. Qb5 Nd5 20. Nc4 Nf4 21. Rfd1 g6 22. Ne3 a6 23. Qg5 Nd3 24. Rd2 Nc5 25. Rxd8+ Rxd8 26. Ng4 Ne4 27. Qe3 f5 28. Re1 Qc5 29. Nf6+ Kf7 30. Nxe4 Qxe3 31. fxe3 fxe4 32. Kf2 Rd2+ 33. Re2 Rd1 34. Kg3 e5 35. Kg4 h6 36. h4 Kf6 37. Rf2+ Kg7 38. h5 Ra1 39. Rd2 Rxa4 40. Rd7+ Kf6 41. Rd6+ Kg7 42. Rxg6+ Kh7 43. Rb6 1-0


[Site "https://www.chess.com"]

[Event "Titled Tuesday Blitz April 19 Late 2022"]
[White "Bacrot, Etienne"]
[Black "Schekachikhin, Maksim"]
[WhiteFideId "605506"]
[BlackFideId "24177830"]
[WhiteElo "2673"]
[BlackElo "2230"]
[Result "1-0"]
[Round "02"]
[TimeControl "180+1"]
[Date "2022.04.19"]
[WhiteClock "0:01:39"]
[BlackClock "0:00:05"]

1. e4 c5 2. Nf3 e6 3. b3 Nc6 4. Bb2 a6 5. c4 Nf6 6. Nc3 d6 7. g3 Be7 8. Bg2 O-O 9. O-O Qc7 10. d4 cxd4 11. Nxd4 Ne5 12. Re1 Re8 13. h3 Rb8 14. Rc1 Ned7 15. f4 Bf8 16. Kh2 g6 17. Qd2 e5 18. Nc2 b6 19. Nd5 Nxd5 20. cxd5 Nc5 21. b4 Na4 22. Ba1 Qd7 23. Ne3 b5 24. Ng4 Bg7 25. fxe5 dxe5 26. Rf1 Qe7 27. Nh6+ Bxh6 28. Qxh6 Qxb4 29. Rc7 Re7 30. Bxe5 Rxe5 31. Rfxf7 1-0


[Site "https://www.chess.com"]

[Event "Titled Tuesday Blitz April 19 Late 2022"]
[White "Baker, Chris W"]
[Black "Sirosh, Ilja"]
[WhiteFideId "401676"]
[BlackFideId "4500458"]
[WhiteElo "2234"]
[BlackElo "2241"]
[Result "0-1"]
[Round "02"]
[TimeControl "180+1"]
[Date "2022.04.19"]
[WhiteClock "0:00:43"]
[BlackClock "0:00:30"]

1. c4 Nf6 2. Nf3 g6 3. g3 Bg7 4. Bg2 O-O 5. O-O d6 6. d4 c5 7. Nc3 Nc6 8. b3 cxd4 9. Nxd4 Nxd4 10. Qxd4 Ne4 11. Qxe4 Bxc3 12. Bh6 Bxa1 13. Bxf8 Kxf8 14. Rxa1 Qb6 15. Rd1 a5 16. h4 a4 17. Qe3 Qxe3 18. fxe3 axb3 19. axb3 Ra3 20. Rd3 b6 21. Kf2 Bf5 22. e4 Be6 23. Ke3 f6 24. Kd4 Ra2 25. Bf3 Ke8 26. Kc3 Kd7 27. b4 Kc7 28. Kd4 Ra4 29. Kc3 h6 30. Rd2 Ra3+ 31. Kb2 Ra4 32. Kb3 b5 33. Rc2 Ra7 34. Kc3 Bxc4 35. Kd4 Ra3 0-1


[Site "https://www.chess.com"]

[Event "Titled Tuesday Blitz April 19 Late 2022"]
[White "Barria Zuniga, Daniel"]
[Black "Chigaev, Maksim"]
[WhiteFideId "3400816"]
[BlackFideId "4108116"]
[WhiteElo "2414"]
[BlackElo "2478"]
[Result "0-1"]
[Round "02"]
[TimeControl "180+1"]
[Date "2022.04.19"]
[WhiteClock "0:01:06"]
[BlackClock "0:01:22"]

1. c4 e5 2. g3 Nc6 3. Bg2 g6 4. Nc3 Bg7 5. Rb1 a5 6. a3 d6 7. b4 axb4 8. axb4 Nd4 9. e3 Ne6 10. Nge2 h5 11. h3 Nf6 12. d4 O-O 13. f4 exd4 14. exd4 Re8 15. O-O Nf8 16. d5 Bf5 17. Rb3 Ne4 18. Nb5 Ra2 19. Nbd4 Bd7 20. Ra3 Rxa3 21. Bxa3 Qa8 22. Qd3 Nc3 23. Ra1 Nxe2+ 0-1


[Site "https://www.chess.com"]

[Event "Titled Tuesday Blitz April 19 Late 2022"]
[White "Barrientos, Sergio E"]
[Black "Bortnyk, Olexandr"]
[WhiteFideId "4401824"]
[BlackFideId "14120828"]
[WhiteElo "2397"]
[BlackElo "2723"]
[Result "0-1"]
[Round "02"]
[TimeControl "180+1"]
[Date "2022.04.19"]
[WhiteClock "0:00:24"]
[BlackClock "0:00:22"]

1. d4 d6 2. e4 Nf6 3. f3 e5 4. Ne2 Be7 5. c4 c6 6. Nbc3 exd4 7. Nxd4 O-O 8. Be2 d5 9. cxd5 cxd5 10. e5 Nfd7 11. f4 Nc6 12. Be3 Bc5 13. Qd2 Ndxe5 14. Nxc6 Bxe3 15. Nxd8 Bxd2+ 16. Kxd2 Ng6 17. Nxf7 Rxf7 18. g3 Bf5 19. Bf3 d4 20. Nb5 Rd7 21. Rhc1 a6 22. Rc5 Ne7 23. Nc7 Rc8 24. Rac1 b6 25. R5c4 a5 26. Nd5 Rcd8 27. Nxb6 Rd6 28. Na4 Rh6 29. h4 Rg6 30. Rg1 Be6 31. Rc5 Nf5 32. Be4 Rf6 33. Re5 Nd6 34. Nc5 Nc4+ 35. Kd3 Nxe5+ 36. fxe5 Rh6 37. b3 Bf7 38. Bf5 Rd5 39. Nd7 Be6 40. Bxe6+ Rxe6 41. Nb8 Rd8 0-1


[Site "https://www.chess.com"]

[Event "Titled Tuesday Blitz April 19 Late 2022"]
[White "Bas Mas, Jose Joaquin"]
[Black "Joubert, Dantelle"]
[WhiteFideId "22219064"]
[BlackFideId "14310813"]
[WhiteElo "2212"]
[BlackElo "1507"]
[Result "1-0"]
[Round "02"]
[TimeControl "180+1"]
[Date "2022.04.19"]
[WhiteClock "0:00:35"]
[BlackClock "0:00:02"]

1. e4 c5 2. Nc3 g6 3. f4 Bg7 4. Nf3 Nc6 5. Bb5 Nd4 6. Bc4 e6 7. O-O Ne7 8. d3 O-O 9. Bb3 d5 10. e5 Nxf3+ 11. Qxf3 b5 12. Nxb5 c4 13. dxc4 dxc4 14. Bxc4 Rb8 15. Nd6 Bd7 16. Qa3 Qc7 17. b3 Nf5 18. Nxf5 gxf5 19. Bb2 Kh8 20. Rad1 Bc6 21. Qd6 Qb7 22. Rf2 Rg8 23. g3 Bf8 24. Qd2 Bc5 25. Bd4 Rgd8 26. c3 Bf3 27. Be2 Be4 28. Qe3 Be7 29. Bf1 a5 30. Bg2 Bxg2 31. Rxg2 a4 32. b4 Qd5 33. Rgd2 Qc4 34. Qd3 Qd5 35. Qf1 Qc6 36. a3 Qc4 37. Qxc4 1-0


[Site "https://www.chess.com"]

[Event "Titled Tuesday Blitz April 19 Late 2022"]
[White "Bashirli, Nail"]
[Black "Jaskolka, Tomasz"]
[WhiteFideId "13406809"]
[BlackFideId "1170791"]
[WhiteElo "2333"]
[BlackElo "2073"]
[Result "1-0"]
[Round "02"]
[TimeControl "180+1"]
[Date "2022.04.19"]
[WhiteClock "0:00:39"]
[BlackClock "0:00:06"]

1. e4 c5 2. Nc3 e6 3. g3 Nc6 4. Bg2 Nf6 5. Nge2 d6 6. O-O Be7 7. d3 O-O 8. f4 Re8 9. h3 Rb8 10. g4 b5 11. Ng3 b4 12. Nce2 d5 13. g5 Nd7 14. h4 Nb6 15. h5 Bf8 16. Be3 c4 17. e5 Bb7 18. d4 g6 19. Bf3 Bg7 20. Kg2 Na4 21. Qc1 Ba6 22. Rh1 Qb6 23. Rh2 Ne7 24. hxg6 hxg6 25. Qh1 Nxb2 26. Rh7 c3 27. Rxg7+ Kxg7 28. Qh6+ Kg8 29. Rh1 f5 30. gxf6 Kf7 31. Qg7# 1-0


[Site "https://www.chess.com"]

[Event "Titled Tuesday Blitz April 19 Late 2022"]
[White "Bazeev, German"]
[Black "Avramidou, Anastasia"]
[WhiteFideId "24119350"]
[BlackFideId "4239873"]
[WhiteElo "2493"]
[BlackElo "2183"]
[Result "1-0"]
[Round "02"]
[TimeControl "180+1"]
[Date "2022.04.19"]
[WhiteClock "0:00:33"]
[BlackClock "0:00:12"]

1. d4 Nf6 2. Nf3 e6 3. c4 c5 4. d5 exd5 5. cxd5 d6 6. Nc3 g6 7. e4 Bg7 8. h3 O-O 9. Bd3 Re8 10. O-O Nbd7 11. Bf4 Ne5 12. Nxe5 dxe5 13. Be3 b6 14. a3 Nh5 15. Re1 Nf4 16. Bf1 f5 17. b4 cxb4 18. axb4 fxe4 19. Nxe4 Bf5 20. Ng3 Kh8 21. Nxf5 gxf5 22. d6 Re6 23. d7 Re7 24. Bb5 Ne6 25. Bc6 Rb8 26. Rxa7 Bf6 27. b5 f4 28. Bc1 Rg7 29. Qd6 Nd4 30. Bb2 f3 31. g3 Nf5 32. Bxe5 Nxd6 33. Bxd6 Rg8 34. Re8 Qxe8 35. dxe8=Q Rbxe8 36. Bxe8 Rxe8 37. g4 Bd4 38. Re7 Rxe7 39. Bxe7 Kg7 40. Bg5 Kf7 41. Be3 Bxe3 42. fxe3 Ke6 43. Kf2 Kd5 44. h4 Kc5 45. h5 Kxb5 46. g5 Kc5 47. g6 1-0


[Site "https://www.chess.com"]

[Event "Titled Tuesday Blitz April 19 Late 2022"]
[White "Bibasa, Bob"]
[Black "Petrovskyi, Vadym"]
[WhiteFideId "10000240"]
[BlackFideId "14165210"]
[WhiteElo "2056"]
[BlackElo "2400"]
[Result "0-1"]
[Round "02"]
[TimeControl "180+1"]
[Date "2022.04.19"]
[WhiteClock "0:00:13"]
[BlackClock "0:00:25"]

1. e4 c5 2. Nf3 d6 3. d4 cxd4 4. Nxd4 Nf6 5. f3 e5 6. Nb3 Be6 7. c4 Nbd7 8. Be3 Rc8 9. N1d2 a5 10. Be2 a4 11. Nc1 Nb6 12. O-O Be7 13. Nd3 Nxc4 14. Nxc4 Rxc4 15. Nf2 Rc8 16. Qxa4+ Nd7 17. Rac1 Ra8 18. Qb4 O-O 19. a3 d5 20. Qxb7 d4 21. Bd2 Nc5 22. Qc6 Rc8 23. Qb5 Rb8 24. Qc6 Rxb2 25. Bb4 Nb3 26. Rc2 Rxc2 27. Qxc2 Bxb4 28. axb4 Qb6 29. Nd3 Rc8 30. Qb2 f6 31. Bd1 Rc3 32. Bxb3 Rxb3 33. Qd2 Bc4 34. Nc5 Rxb4 35. Nd7 Qb5 36. Rc1 Rb2 37. Nxf6+ gxf6 38. Qh6 Qb6 39. Rxc4 d3+ 40. Kh1 Rb1+ 41. Rc1 Qb2 42. Rg1 d2 43. Qxf6 Rxg1+ 44. Kxg1 d1=Q# 0-1


[Site "https://www.chess.com"]

[Event "Titled Tuesday Blitz April 19 Late 2022"]
[White "Bilan, Danila"]
[Black "Jarocka, Liwia"]
[WhiteFideId "24161918"]
[BlackFideId "21807558"]
[WhiteElo "2164"]
[BlackElo "1896"]
[Result "0-1"]
[Round "02"]
[TimeControl "180+1"]
[Date "2022.04.19"]
[WhiteClock "0:00:01"]
[BlackClock "0:00:44"]

1. d4 c5 2. e3 cxd4 3. exd4 Nf6 4. Nf3 d5 5. Bd3 Bg4 6. h3 Bxf3 7. Qxf3 Nc6 8. c3 e6 9. O-O Be7 10. Bf4 O-O 11. Nd2 Rc8 12. Rfe1 Bd6 13. Bg5 Be7 14. Nf1 h6 15. Bd2 Re8 16. Ng3 Na5 17. Rad1 Nc4 18. Bc1 Qc7 19. Nh5 Nxh5 20. Qxh5 Bd6 21. Bxh6 Nxb2 22. Bg5 Nxd3 23. Rxd3 g6 24. Qh6 Bf8 25. Qh4 Be7 26. Rf3 Bxg5 27. Qxg5 Qe7 28. Qg3 Rc7 29. h4 Kg7 30. Re5 Rh8 31. h5 Qa3 32. Ree3 Qc1+ 33. Kh2 Rxh5+ 0-1


[Site "https://www.chess.com"]

[Event "Titled Tuesday Blitz April 19 Late 2022"]
[White "Bluebaum, Matthias"]
[Black "Arabidze, Meri"]
[WhiteFideId "24651516"]
[BlackFideId "13604040"]
[WhiteElo "2550"]
[BlackElo "2335"]
[Result "1-0"]
[Round "02"]
[TimeControl "180+1"]
[Date "2022.04.19"]
[WhiteClock "0:01:27"]
[BlackClock "0:00:14"]

1. d4 f5 2. Nf3 Nf6 3. c4 e6 4. g3 d5 5. Bg2 c6 6. O-O Bd6 7. Nc3 O-O 8. Qc2 Bd7 9. Rb1 Be8 10. Ng5 Qe7 11. Qb3 Bg6 12. c5 Bc7 13. Qxb7 Ne4 14. Ncxe4 fxe4 15. Qxa8 e5 16. Qb7 exd4 17. Ne6 Qxe6 18. Qxc7 e3 19. Ra1 d3 20. Bxe3 dxe2 21. Rfe1 Bd3 22. Qd6 Qf5 23. Qf4 Qe6 24. Qd4 Ba6 25. Qd2 Nd7 26. Bd4 Nf6 27. Qe3 Qf5 28. Rxe2 1-0


[Site "https://www.chess.com"]

[Event "Titled Tuesday Blitz April 19 Late 2022"]
[White "Boskovic, Drasko"]
[Black "Khripachenko, Alexander"]
[WhiteFideId "927368"]
[BlackFideId "54184975"]
[WhiteElo "2388"]
[BlackElo "2193"]
[Result "1-0"]
[Round "02"]
[TimeControl "180+1"]
[Date "2022.04.19"]
[WhiteClock "0:02:11"]
[BlackClock "0:00:58"]

1. e4 c5 2. Nf3 Nf6 3. d3 Nc6 4. Nbd2 d5 5. g3 g6 6. Bg2 Bg7 7. O-O O-O 8. Re1 b6 9. exd5 Nxd5 10. Nc4 Bb7 11. Bd2 Qc7 12. c3 Rad8 13. Qe2 Rd7 14. a4 h6 15. Rad1 e6 16. Bc1 Rfd8 17. h4 h5 18. Ng5 Nce7 19. Nxf7 Kxf7 20. Qxe6+ Kf8 21. Ne5 Bxe5 22. Rxe5 Rd6 23. Bh6+ Ke8 24. Qg8+ Kd7 25. Qf7 Kc8 26. c4 Rf6 27. Qg7 Qxe5 28. cxd5 Bxd5 29. Bf4 Rxf4 30. Qxe5 1-0


[Site "https://www.chess.com"]

[Event "Titled Tuesday Blitz April 19 Late 2022"]
[White "Bowden, Karl"]
[Black "Kaasen, Tor Fredrik"]
[WhiteFideId "400548"]
[BlackFideId "1516647"]
[WhiteElo "2339"]
[BlackElo "2335"]
[Result "0-1"]
[Round "02"]
[TimeControl "180+1"]
[Date "2022.04.19"]
[WhiteClock "0:00:01"]
[BlackClock "0:00:10"]

1. e4 e5 2. Nf3 Nc6 3. Bb5 a6 4. Ba4 Nf6 5. d4 exd4 6. O-O Be7 7. e5 Ne4 8. Nxd4 Nc5 9. Nf5 O-O 10. Qg4 g6 11. Bh6 d5 12. Nxe7+ Nxe7 13. Qf4 Ne6 14. Qd2 b5 15. Bxf8 Qxf8 16. Bb3 Bb7 17. a4 c5 18. c3 c4 19. Bc2 d4 20. cxd4 Rd8 21. axb5 Nxd4 22. bxa6 Nf3+ 23. gxf3 Rxd2 24. axb7 Rxc2 25. Ra8 Rxb2 26. Na3 c3 27. Rxf8+ Kxf8 28. Rb1 c2 29. Rc1 Rxb7 30. Rxc2 Rb3 31. Nc4 Rxf3 32. Ne3 Nf5 33. Nd5 Kg7 0-1


[Site "https://www.chess.com"]

[Event "Titled Tuesday Blitz April 19 Late 2022"]
[White "Carrasco Miranda, Andres"]
[Black "Wagner, Dinara"]
[WhiteFideId "3405990"]
[BlackFideId "24157570"]
[WhiteElo "2177"]
[BlackElo "2216"]
[Result "0-1"]
[Round "02"]
[TimeControl "180+1"]
[Date "2022.04.19"]
[WhiteClock "0:00:04"]
[BlackClock "0:01:37"]

1. d4 Nf6 2. c4 e6 3. g3 d5 4. Bg2 dxc4 5. Nf3 Nc6 6. O-O Rb8 7. Nc3 b5 8. e3 Be7 9. Qe2 a6 10. Rd1 O-O 11. e4 Nb4 12. Ne5 Nd7 13. Nxd7 Bxd7 14. d5 e5 15. a3 Nd3 16. Rxd3 cxd3 17. Qxd3 Bc5 18. b4 Bb6 19. Be3 Qe7 20. Bxb6 Rxb6 21. f4 h6 22. Rc1 exf4 23. gxf4 Qh4 24. Qg3 Qe7 25. e5 Rg6 26. Qf3 Bg4 27. Qe3 Bf5 28. Ne4 Qh4 29. Ng3 Bh3 30. Rxc7 Bxg2 31. Kxg2 Rg4 32. f5 Rc4 33. Rxc4 Qxc4 34. d6 Rc8 35. Ne4 Qd5 36. Kf3 Qxe5 37. d7 Qxf5+ 38. Ke2 Qxd7 39. Nc5 Qe8 40. Qxe8+ Rxe8+ 0-1


[Site "https://www.chess.com"]

[Event "Titled Tuesday Blitz April 19 Late 2022"]
[White "Caruana, Fabiano"]
[Black "Buchenau, Frank"]
[WhiteFideId "2020009"]
[BlackFideId "4604350"]
[WhiteElo "2744"]
[BlackElo "2193"]
[Result "1-0"]
[Round "02"]
[TimeControl "180+1"]
[Date "2022.04.19"]
[WhiteClock "0:00:26"]
[BlackClock "0:00:04"]

1. c4 e5 2. Nc3 Nf6 3. e3 Bb4 4. Nge2 O-O 5. a3 Be7 6. d4 exd4 7. Nxd4 d5 8. cxd5 Nxd5 9. Bd2 c5 10. Nf3 Be6 11. Qc2 Nc6 12. Bd3 g6 13. Nxd5 Qxd5 14. Bc3 Rad8 15. Be4 Qc4 16. Nd2 Qa6 17. Rd1 Rd6 18. h4 f5 19. Bf3 Rfd8 20. Be2 b5 21. h5 g5 22. O-O Qb6 23. Nf3 h6 24. Ne5 Nxe5 25. Bxe5 Rxd1 26. Rxd1 a6 27. a4 c4 28. axb5 axb5 29. Bd4 Qc7 30. Ra1 Bc5 31. Ra6 Bxd4 32. Rxe6 Bg7 33. Qxf5 Qf7 34. Qe4 Rd2 35. Bf3 Rxb2 36. Qa8+ Bf8 37. Rg6+ Kh7 38. Qe4 Kh8 39. Qd4+ Bg7 40. Rxh6+ Kg8 41. Qd8+ Bf8 42. Qxg5+ Bg7 43. Bd5 Rb1+ 44. Kh2 1-0


[Site "https://www.chess.com"]

[Event "Titled Tuesday Blitz April 19 Late 2022"]
[White "Constantinou, Peter"]
[Black "Ahmadzada, Ahmad"]
[WhiteFideId "413038"]
[BlackFideId "13413007"]
[WhiteElo "2230"]
[BlackElo "2228"]
[Result "0-1"]
[Round "02"]
[TimeControl "180+1"]
[Date "2022.04.19"]
[WhiteClock "0:00:19"]
[BlackClock "0:00:20"]

1. e4 a6 2. d4 b5 3. Bd3 Bb7 4. Nf3 e6 5. O-O Nf6 6. Qe2 c5 7. c3 Be7 8. a4 cxd4 9. cxd4 b4 10. Nbd2 O-O 11. Nb3 Nc6 12. Bg5 Na5 13. Nbd2 h6 14. Bh4 Nh5 15. Bxe7 Qxe7 16. Qe3 Nf6 17. Rfe1 d6 18. h3 e5 19. d5 Qd8 20. Nc4 Nxc4 21. Bxc4 a5 22. Rac1 Nh5 23. g3 Bc8 24. Kg2 f5 25. exf5 Bxf5 26. Bd3 Qf6 27. Bxf5 Qxf5 28. Qe4 Qf7 29. Red1 Nf6 30. Qf5 Rae8 31. Nh4 Nd7 32. Qxf7+ Rxf7 33. Rc6 Nc5 34. g4 Nxa4 35. Rd2 Rd8 36. Nf5 Rfd7 37. Ra6 Nc5 38. Rxa5 Nb3 0-1


[Site "https://www.chess.com"]

[Event "Titled Tuesday Blitz April 19 Late 2022"]
[White "Czopor, Maciej"]
[Black "Fedoseev, Vladimir"]
[WhiteFideId "21805431"]
[BlackFideId "24130737"]
[WhiteElo "1999"]
[BlackElo "2726"]
[Result "0-1"]
[Round "02"]
[TimeControl "180+1"]
[Date "2022.04.19"]
[WhiteClock "0:00:01"]
[BlackClock "0:00:05"]

1. d4 Nf6 2. c4 e6 3. g4 Nxg4 4. e4 Bb4+ 5. Nc3 f5 6. e5 c5 7. a3 cxd4 8. axb4 dxc3 9. Nf3 Qb6 10. Qd4 Qxd4 11. Nxd4 Nc6 12. Nb5 cxb2 13. Bxb2 O-O 14. f4 Ne3 15. Kd2 Nxf1+ 16. Rhxf1 b6 17. Bc3 Bb7 18. Nd6 Nd8 19. b5 Kh8 20. Bd4 Be4 21. h4 Nb7 22. Kc3 Nxd6 23. exd6 Rf7 24. h5 h6 25. Rg1 Kh7 26. Be5 Bf3 27. Bd4 Bxh5 28. Bxb6 Rc8 29. Rxa7 Be2 30. c5 Bxb5 31. Bc7 Bc6 32. Kd4 g5 33. fxg5 Rg7 34. gxh6 Rxg1 0-1


[Site "https://www.chess.com"]

[Event "Titled Tuesday Blitz April 19 Late 2022"]
[White "Dauner, Benedikt"]
[Black "Onslow, Alfie"]
[WhiteFideId "16225899"]
[BlackFideId "436976"]
[WhiteElo "2230"]
[BlackElo "1884"]
[Result "0-1"]
[Round "02"]
[TimeControl "180+1"]
[Date "2022.04.19"]
[WhiteClock "0:00:07"]
[BlackClock "0:01:01"]

1. Nf3 c5 2. b3 Nc6 3. Bb2 d5 4. e3 Bg4 5. Bb5 Nf6 6. h3 Bxf3 7. Bxc6+ bxc6 8. Qxf3 Qc7 9. Bxf6 gxf6 10. Nc3 Qd6 11. O-O e5 12. d3 Rg8 13. Na4 Qe6 14. e4 Be7 15. c4 d4 16. Kh1 Rg6 17. Rg1 Kd7 18. g4 h5 19. gxh5 Rh8 20. Kh2 Rgh6 21. Qg4 Rxh5 22. Qxe6+ fxe6 23. Rg3 f5 24. Rag1 Kd6 25. Kg2 Rh4 26. f3 f4 27. Rg4 Rxh3 28. Kf2 Bh4+ 29. Ke2 Bg3 30. Rg2 Rh1 31. Rg7 Ra1 32. R2xg3 Rxa2+ 33. Kf1 fxg3 34. Rxg3 Rh1+ 35. Rg1 Ra1+ 36. Kf2 Raxg1 37. f4 Rf1+ 38. Kg3 exf4+ 39. Kg4 Rhg1+ 40. Kh5 Rf2 41. e5+ Kxe5 0-1


[Site "https://www.chess.com"]

[Event "Titled Tuesday Blitz April 19 Late 2022"]
[White "Davtyan, David Arm."]
[Black "Korchmar, Vasiliy"]
[WhiteFideId "13310046"]
[BlackFideId "24131750"]
[WhiteElo "2158"]
[BlackElo "2370"]
[Result "0-1"]
[Round "02"]
[TimeControl "180+1"]
[Date "2022.04.19"]
[WhiteClock "0:00:20"]
[BlackClock "0:00:10"]

1. c4 c6 2. g3 d5 3. Nf3 g6 4. Bg2 Bg7 5. O-O e5 6. d3 Ne7 7. a3 O-O 8. Qc2 h6 9. Nc3 Be6 10. b3 Nd7 11. Bb2 f5 12. cxd5 cxd5 13. d4 e4 14. Ne5 Nxe5 15. dxe5 Bxe5 16. Rad1 Rc8 17. Qd2 Bg7 18. Nb5 Nc6 19. Bxg7 Kxg7 20. Nd4 Bf7 21. Rc1 Qf6 22. e3 Nxd4 23. exd4 g5 24. Rxc8 Rxc8 25. Rc1 Rxc1+ 26. Qxc1 Qxd4 27. h4 Qf6 28. hxg5 hxg5 29. Qc7 d4 30. Qxb7 d3 31. Qd7 Qe5 32. Qd8 f4 33. gxf4 gxf4 34. b4 e3 35. fxe3 fxe3 36. Qh4 e2 37. Qg4+ Kf6 38. Qh4+ Kg7 39. Qg4+ Kf8 40. Qc8+ Be8 0-1


[Site "https://www.chess.com"]